 Dungeon Crawl Stone Soup version 0.32-a0-576-g706899e69d (webtiles) character file.

Game seed: 3940993973673204782

479 spaghetti the Trooper (level 7, -2/61 HPs)
             Began as a Coglin Chaos Knight on Mar 2, 2024.
             Was a Plaything of Xom.
             Incinerated by a bombardier beetle (4 damage)
             ... with a burning spray
             ... on level 4 of the Dungeon.
             The game lasted 00:04:52 (3395 turns).

spaghetti the Trooper (Coglin Chaos Knight)         Turns: 3395, Time: 00:04:52

Health: -2/61      AC: 11    Str: 15      XL:     7   Next: 11%
Magic:  7/7        EV:  9    Int: 10 (11) God:    Xom [.*....]
Gold:   187        SH:  0    Dex: 13      Spells: 6/6 levels left

rFire   . . .        k - +3 quarterstaff (chaos) {Liang}
rCold   . . .        (shield currently unavailable)
rNeg    + . .        t - +2 scale mail {rN+}
rPois   .            (no helmet)
rElec   .            m - +1 cloak
rCorr   .            g - +0 pair of gloves
SInv    .            (no boots)
Will    .....        (amulet unavailable) Stlth
                     (ring unavailable)
HPRegen 0.30/turn    (ring unavailable)
MPRegen 0.10/turn    (no gizmo)

%: no passive effects
@: on fire, glowing, revved
A: off-hand wielding, slow wielding, warmup strikes, no jewellery
a: Invent Gizmo, Renounce Religion


You were on level 4 of the Dungeon.
You worshipped Xom.
You were a plaything of Xom.
You visited 1 branch of the dungeon, and saw 4 of its levels.

You collected 187 gold pieces.

Inventory:

Hand Weapons
 a - a +0 hand axe of chaos {Prasit}
 k - a +3 quarterstaff of chaos (weapon) {Liang}
Armour
 g - a +0 pair of gloves (worn)
 m - a +1 cloak (worn)
 t - a +2 scale mail of positive energy (worn)
Wands
 p - a wand of charming (13)
Scrolls
 b - a scroll of enchant armour
 f - 2 scrolls of immolation
 j - a scroll of amnesia
 l - a scroll of poison
 o - 2 scrolls of identify
 q - 3 scrolls of revelation
Potions
 h - a potion of degeneration
 s - a potion of enlightenment
 u - 2 potions of curing


   Skills:
 + Level 7.9 Fighting
 - Level 3.0 Axes
 - Level 1.7 Armour
 - Level 0.8 Dodging


You had 6 spell levels left.
You didn't know any spells.
Your spell library contained the following spells:

 Spells                   Type           Power      Damage    Failure   Level
 Tukima's Dance           Hex            0%         N/A       99%         3
 Passage of Golubria      Tloc           0%         N/A       100%        4
 Yara's Violent Unravell  Hex/Alch       0%         3d3       100%        5


Dungeon Overview and Level Annotations

Branches:
Dungeon (4/15)             Temple (0/1) D:4

Altars:


Innate Abilities, Weirdness & Mutations

You can wield a second weapon in your off-hand.
It takes a long time for you to wield or remove held weapons.
Your first few attacks do less damage.
You cannot equip rings or amulets.


Message History

The liquid fire burns you!
The scorpion stings you but does no damage. x2
The bombardier beetle bites you.
You hit the scorpion but do no damage.
The scorpion is lightly wounded.
The liquid fire burns you! The scorpion closely misses you.
The bombardier beetle sprays incendiary fluid at you.
The burning spray hits you.
You are even more covered in liquid fire!
You sock the scorpion!
The scorpion is poisoned.
The scorpion is severely wounded.
The liquid fire burns you!
* * * LOW HITPOINT WARNING * * *
You kill the scorpion!
You have reached level 7!
Your brain swirls with designs for an experimental thermotransmogrifier.
You just need some more time...
Unknown command.
Okay, then.
You hit the bombardier beetle. You freeze the bombardier beetle.
The bombardier beetle is moderately wounded.
The liquid fire burns you!
* * * LOW HITPOINT WARNING * * *
The bombardier beetle closely misses you.
You barely miss the bombardier beetle.
The bombardier beetle is moderately wounded.
The liquid fire burns you!
* * * LOW HITPOINT WARNING * * *
The bombardier beetle bites you but does no damage.
You hit the bombardier beetle.
The bombardier beetle appears confused.
The bombardier beetle is heavily wounded.
The liquid fire burns you!
* * * LOW HITPOINT WARNING * * *
The bombardier beetle bites you but does no damage.
The bombardier beetle bites itself.
You catch the helpless bombardier beetle completely off-guard!
You hit the bombardier beetle.
You kill the bombardier beetle!
The liquid fire burns you!
You die...

######## #...)#
###....### #........#
#........# #..>.....#
###### #........# #
#....###.....†<.# #
#......#..(..@..# #
#......######'###
####......# #.#
...#......# #.#
.#.#......# #.#
.#....#...# #.#
....#.'...#### #.#
....###......###'######
....# ######.#........#


There were no monsters in sight!

Vanquished Creatures
  Edmund (D:4)
  Pargi (D:4)
  A scorpion (D:4)
  A bombardier beetle (D:4)
  Crazy Yiuf (D:3)
  Jessica (D:3)
  Ijyb (D:3)
  3 gnolls (D:4)
  4 adders
  A dart slug (D:1)
  2 ribbon worms
  An orc (D:4)
  7 endoplasms
  2 giant cockroaches
  7 goblins
  4 hobgoblins
  10 jackals
  6 kobolds
  7 ball pythons
  5 bats
  2 frilled lizards
  4 rats
72 creatures vanquished.

Vanquished Creatures (collateral kills)
  A rat (D:1)
1 creature vanquished.

Grand Total: 73 creatures vanquished

Notes
Turn   | Place    | Note
-------+----------+-------------------------------------------
     0 | D:1      | spaghetti the Coglin Chaos Knight began the quest for the
                  | Orb.
     0 | D:1      | Reached XP level 1. HP: 18/18 MP: 1/1
    14 | D:1      | XOM: divination: detect items
   177 | D:1      | XOM: cast spell 'Fugue of the Fallen'
   181 | D:1      | Reached XP level 2. HP: 21/24 MP: 2/2
   497 | D:1      | Found a faded altar of an unknown god.
   649 | D:1      | Reached skill level 4 in Fighting
   750 | D:2      | XOM: silly message
   764 | D:2      | XOM: silly message
   850 | D:2      | Reached XP level 3. HP: 22/30 MP: 3/3
  1724 | D:3      | Noticed Ijyb
  1741 | D:3      | XOM: divination: detect items
  1748 | D:3      | Killed Ijyb
  1749 | D:3      | Reached skill level 5 in Fighting
  1749 | D:3      | Reached XP level 4. HP: 28/39 MP: 4/4
  2202 | D:3      | Reached XP level 5. HP: 44/44 MP: 5/5
  2231 | D:3      | Noticed Jessica
  2238 | D:3      | Killed Jessica
  2301 | D:3      | Found a runed translucent door.
  2302 | D:3      | Noticed Crazy Yiuf
  2553 | D:3      | Killed Crazy Yiuf
  2554 | D:3      | Reached skill level 6 in Fighting
  2814 | D:4      | Noticed Pargi
  2817 | D:4      | XOM: divination: magic mapping
  2821 | D:4      | XOM: potion effect (curing)
  2828 | D:4      | Killed Pargi
  2829 | D:4      | Reached XP level 6. HP: 32/53 MP: 6/6
  2958 | D:4      | Found a staircase to the Ecumenical Temple.
  3010 | D:4      | XOM: confuse monster(s)
  3014 | D:4      | XOM: divination: detect items
  3026 | D:4      | XOM: divination: detect creatures
  3214 | D:4      | Noticed Edmund
  3224 | D:4      | Killed Edmund
  3225 | D:4      | Reached skill level 7 in Fighting
  3272 | D:4      | XOM: silly message
  3392 | D:4      | Reached XP level 7. HP: 17/61 MP: 7/7
  3394 | D:4      | HP: 1/61 [burnt (4)]
  3395 | D:4      | Incinerated by a bombardier beetle

Illustrated notes

Levels and vault maps discovered:
D:1:      minmay_arrival_four_circles, layout_loops_ring,
          hellmonk_ecumenical_altar_zigzags
D:2:      layout_loops_corners
D:3:      minmay_door_path, layout_basic, uniq_ijyb, uniq_jessica,
          uniq_crazy_yiuf_cottage
D:4:      layout_basic, lemuel_temple_firewalk_a, uniq_pargi, uniq_edmund

Skill      XL: |  1  2  3  4  5  6 |
---------------+-------------------+-----
Fighting       | 4 5 6 7 |  7.9
Axes           | |  3.0
Armour         | |  1.7
Dodging        | |  0.8

Action                     |  1- 3 |  4- 6 |  7- 9 || total
---------------------------+-------+-------+-------++-------
  Melee: Hand axe          |    89 |    49 |       ||   138
         Dagger            |    86 |    45 |       ||   131
         Quarterstaff      |       |    56 |     4 ||    60
    Use: Potion            |       |     4 |       ||     4
         Scroll            |       |    10 |       ||    10
   Stab: Paralysed         |     3 |       |       ||     3
         Sleeping          |     1 |       |       ||     1
         Confused          |       |       |     1 ||     1
 Armour: Leather armour    |    68 |    26 |       ||    94
         Scale mail        |       |   102 |     2 ||   104
  Dodge: Dodged            |    64 |    56 |     1 ||   121

Table legend: (Time is in decaauts)
 A = Elapsed time spent in this place.
 B = Non-inter-level travel time spent in this place.
 C = Inter-level travel time spent in this place.
 D = Time resting spent in this place.
 E = Time spent auto-exploring this place.
 F = Levels seen in this place.
 G = Mean time per level.
                   A        B        C        D        E       F      G
               +--------+--------+--------+--------+--------+-----+--------+
         Total |   3421 |   3244 |    177 |    225 |   2488 |   4 |  855.2 |
       Dungeon |   3421 |   3244 |    177 |    225 |   2488 |   4 |  855.2 |
               +--------+--------+--------+--------+--------+-----+--------+

Top non-repeatable levels by time:
     D:3: 1066 daAuts
     D:2: 910 daAuts
     D:1: 729 daAuts
     D:4: 714 daAuts
